 Dungeon Crawl Stone Soup version 0.30-b1-2-g02819fbbbe (webtiles) character file.

Game seed: 5281785134413446619

26 Armakuni the Conjurer (level 2, 0/23 (25) HPs)
             Began as a Demigod Reaver on May 14, 2023.
             Slain by an adder (3 damage)
             ... on level 2 of the Dungeon.
             The game lasted 00:02:38 (923 turns).

Armakuni the Conjurer (Demigod Reaver)               Turns: 923, Time: 00:02:39

HP:   0/23 (25)     AC:  4    Str: 12 (13) XL:     2   Next: 69%
MP:   7/7           EV: 11    Int: 12 (15) God:
Gold: 53            SH:  0    Dex: 10 (12) Spells: 3/4 levels left

rFire   . . .        b - +2 whip (freeze)
rCold   . . .        (no shield)
rNeg    . . .        e - +0 leather armour
rPois   .            (no helmet)
rElec   .            g - +0 cloak
rCorr   .            (no gloves)
SInv    .            (no boots)
Will    .....        (no amulet)
Stlth   +            (no ring)
HPRegen 0.23/turn    (no ring)
MPRegen 0.10/turn

%: no passive effects
@: lethally poisoned (0 -> -3), drained
A: high MP 1, forlorn, divine attributes
a: no special abilities


You were on level 2 of the Dungeon.
You visited 1 branch of the dungeon, and saw 2 of its levels.

You collected 53 gold pieces.

Inventory:

Hand Weapons
 a - a +0 vampiric mace
 b - a +2 whip of freezing (weapon)
 d - a +0 sling
Armour
 c - a +0 scale mail
 e - a +0 leather armour (worn)
 g - a +0 cloak (worn)
Potions
 h - a potion of might {unknown}


   Skills:
 + Level 2.5 Fighting
 - Level 2.6(2.9) Maces & Flails
 + Level 1.5(2.3) Staves
 - Level 1.7 Dodging
 - Level 1.7 Spellcasting
 - Level 2.6 Conjurations


You had 3 spell levels left.
You knew the following spells:

 Your Spells              Type           Power      Damage    Failure   Level
a - Kiss of Death         Conj/Necr      16%        2d6       21%         1

Your spell library contained the following spells:

 Spells                   Type           Power      Damage    Failure   Level
 Momentum Strike          Conj/Tloc      8%         3d8       30%         2
 Hailstorm                Conj/Ice       4%         3d4       52%         3


Dungeon Overview and Level Annotations

Branches:
Dungeon (2/15)


Innate Abilities, Weirdness & Mutations

You have an increased reservoir of magic. (+10% MP)
You shall have no god before yourself.
Your divine heritage dramatically boosts your attributes as you level up.


Message History

You hit the hobgoblin.
The hobgoblin is heavily wounded.
The hobgoblin barely misses you.
You hit the hobgoblin.
You kill the hobgoblin!
No target in view!
Found 5 poisoned darts.
An adder comes into view.
The adder hisses angrily.
The adder bites you.
You barely miss the adder. The adder bites you.
You are poisoned.
The adder poisons you!
You closely miss the adder.
You feel sick. The adder bites you. The adder closely misses you.
You barely miss the adder.
You feel sick. The adder closely misses you. The adder barely misses you.
You miss the adder.
You feel sick. The adder bites you but does no damage.
You barely miss the adder.
You feel sick.
You are no longer poisoned.
The adder bites you.
You are poisoned.
The adder poisons you! The adder barely misses you.
You feel the dreadful sensation subside.
Your +2 whip of freezing glows with a cold blue light!
b - a +2 whip of freezing (weapon)
You feel sick. The adder bites you.
You are lethally poisoned!
The adder poisons you!
* * * LOW HITPOINT WARNING * * *
You feel sick.
You barely miss the adder.
* * * LOW HITPOINT WARNING * * *
You feel sick. The adder closely misses you.
It was a potion of degeneration.
There was something very wrong with that liquid.
You feel weakened.
You feel dopey.
You feel clumsy.
* * * LOW HITPOINT WARNING * * *
You feel sick. The adder barely misses you. The adder bites you.
You die...

#..#^........#
#............#
#.##.##......# ###
).##.##.###### #..
.....##.# #.#
...####.# #.#
...####.# #.#
(.......# #S#
.#...###########@#
.###.####........#
. #......########
. ########


You could see an adder.

Vanquished Creatures
  A dart slug (D:1)
  3 bats (D:1)
  3 endoplasms (D:1)
  A giant cockroach (D:1)
  A hobgoblin (D:2)
  6 jackals (D:1)
  A quokka (D:1)
  2 ball pythons (D:1)
  A frilled lizard (D:1)
  3 kobolds (D:1)
22 creatures vanquished.

Notes
Turn   | Place    | Note
-------+----------+-------------------------------------------
     0 | D:1      | Armakuni the Demigod Reaver began the quest for the Orb.
     0 | D:1      | Reached XP level 1. HP: 17/17 MP: 5/5
   341 | D:1      | Reached skill level 1 in Staves
   363 | D:1      | Reached XP level 2. HP: 20/21 MP: 7/7
   923 | D:2      | Slain by an adder

Illustrated notes

Levels and vault maps discovered:
D:1:      minmay_arrival_stair_chambers, layout_basic, chequers_garden
D:2:      layout_loops_cross, shapermc_ecumenical_altar_mp_highgroup,
          serial_forest, infiniplex_forest_lined_3,
          infiniplex_forest_lined_4_way, infiniplex_forest_straight_3,
          infiniplex_forest_lined_4_way, infiniplex_forest_diagonal,
          infiniplex_forest_lined_room_2, minivault_26, uniq_robin, uniq_sigmund

Skill      XL: |  1 |
---------------+----+-----
Fighting       | 2 |  2.5
Staves         | 1 |  1.5
Maces & Flails | |  2.6
Dodging        | |  1.7
Spellcasting   | |  1.7
Conjurations   | |  2.6

Action                     || total
---------------------------++-------
  Melee: Mace              ||    72
         Whip              ||     1
         Punch             ||     1
   Cast: Kiss of Death     ||     2
    Use: Scroll            ||     2
         Potion            ||     1
 Armour: Leather armour    ||    23
  Dodge: Dodged            ||    66
